 Dungeon Crawl Stone Soup version 0.22-a0-482-g76e0a5f (webtiles) character file.

42 Gildenfire the Charmwright (level 3, -2/27 HPs)
             Began as a Human Skald on June 17, 2018.
             Slain by a kobold (3 damage)
             ... on level 2 of the Dungeon.
             The game lasted 00:06:03 (961 turns).

Gildenfire the Charmwright (Human Skald)             Turns: 961, Time: 00:06:03

Health: -2/27      AC:  3    Str: 11    XL:     3   Next: 80%
Magic:  6/6        EV: 12    Int: 13    God:
Gold:   33         SH:  0    Dex: 13    Spells: 5/6 levels left

rFire    . . .     SeeInvis .   a - +0 hand axe
rCold    . . .     Gourm    .   (no shield)
rNeg     . . .     Faith    .   b - +0 leather armour
rPois    .         Spirit   .   (no helmet)
rElec    .         Reflect  .   (no cloak)
rCorr    .         Harm     .   (no gloves)
MR       .....                  (no boots)
Stlth    +.........             (no amulet)
HPRegen  0.09/turn              (no ring)
MPRegen  0.10/turn              (no ring)

@: no status effects
A: no striking features
a: no special abilities


You were on level 2 of the Dungeon.
You were not hungry.

You visited 1 branch of the dungeon, and saw 2 of its levels.

You collected 33 gold pieces.

Inventory:

Hand Weapons
 a - a +0 hand axe (weapon)
Armour
 b - a +0 leather armour (worn)
Potions
 c - a potion of ambrosia
 e - a potion of resistance
 h - a potion of heal wounds {unknown}
Comestibles
 d - 2 rations
 f - a chunk of flesh


   Skills:
 * Level 2.2 Fighting
 * Level 2.4 Axes
 * Level 1.3 Armour
 * Level 2.5 Dodging
 * Level 2.2 Spellcasting
 + Level 3.2 Charms


You had 5 spell levels left.
You knew the following spells:

 Your Spells              Type           Power        Failure   Level  Hunger
a - Infusion              Chrm           #...         9%          1    ##.....

Your spell library contained the following spells:

 Spells                   Type           Power        Failure   Level  Hunger
 Regeneration             Chrm/Necr      #.........   45%         3    ####...
 Shroud of Golubria       Chrm/Tloc      #.........   26%         2    ###....
 Song of Slaying          Chrm           #.......     13%         2    ###....
 Spectral Weapon          Hex/Chrm       #.......     45%         3    ####...


Dungeon Overview and Level Annotations

Branches:
Dungeon (2/15)

Altars:


Message History

The frilled lizard bites you but does no damage.
The kobold closely misses you.
The frilled lizard completely misses you.
The kobold completely misses you.
The frilled lizard unfolds its giant frill.
The frilled lizard bites you.
* * * LOW HITPOINT WARNING * * *
The kobold hits you but does no damage.
The frilled lizard completely misses you.
The kobold hits you.
* * * LOW HITPOINT WARNING * * *
The frilled lizard bites you but does no damage.
The kobold closely misses you. The frilled lizard barely misses you.
The kobold closely misses you. The frilled lizard bites you.
* * * LOW HITPOINT WARNING * * *
The kobold closely misses you. The frilled lizard barely misses you.
The kobold hits you but does no damage.
The frilled lizard bites you but does no damage.
The kobold hits you.
You die...

<.......
##.......
#.......
#.......
#......#
.#......# .....
#<# # .
......#.#.#....
.......@l......
.....#K...#....
+#.#......# .%
..........#
...?......#
#.....#####
...... .#####


You could see a kobold and a frilled lizard.

Vanquished Creatures
  A gnoll (D:1)
  A giant cockroach (D:1)
  3 goblins (D:1)
  5 hobgoblins (D:1)
  6 jackals (D:1)
  A ball python (D:1)
  4 bats (D:1)
  2 frilled lizards (D:1)
  5 kobolds (D:1)
  2 rats (D:1)
30 creatures vanquished.

Notes
Turn   | Place    | Note
-------+----------+-------------------------------------------
     0 | D:1      | Gildenfire the Human Skald began the quest for the Orb.
     0 | D:1      | Reached XP level 1. HP: 16/16 MP: 3/3
   177 | D:1      | Reached XP level 2. HP: 17/22 MP: 5/5
   372 | D:1      | Reached XP level 3. HP: 9/27 MP: 6/6
   958 | D:2      | HP: 1/27 [frilled lizard (1)]
   961 | D:2      | Slain by a kobold

Vault maps used:
D:1:      lightli_arrival_flooded_house
D:2:      chequers_temple_overflow_statue_of_worship,
          gammafunk_temple_overflow_pools, chequers_ecumenical_altar_simple,
          first_ration, minmay_tromino_i4, uniq_terence, uniq_sigmund,
          uniq_crazy_yiuf_cottage

Action                   || total
-------------------------++-------
Melee: Hand axe          ||   104
 Cast: Infusion          ||     1
  Use: Scroll            ||     3
       Potion            ||     1
Armor: Leather armour    ||    69
Dodge: Dodged            ||   145

Table legend:
 A = Spawn XP
 B = Non-spawn XP
 C = Spawn XP percentage of total XP
 D = Spawn monster count
 E = Non-spawn monster count
 F = Spawn count percentage of total count
 G = Total turns spent on level
                    A         B        C        D         E        F      G
               +---------+---------+-------+---------+---------+-------+---------
         Total |       0 |      61 |   0.0 |       0 |      30 |   0.0 |   961
               +---------+---------+-------+---------+---------+-------+---------
           D:1 |       0 |      61 |   0.0 |       0 |      30 |   0.0 |   911
               +---------+---------+-------+---------+---------+-------+---------
